 Dungeon Crawl Stone Soup version 0.21-a0-426-g98080a9 (webtiles) character file.

34 GoodRolls the Conjurer (level 3, 15/19 HPs)
             Began as a Tengu Fire Elementalist on Nov 7, 2017.
             Quit the game on level 1 of the Dungeon.
             The game lasted 00:01:36 (534 turns).

GoodRolls the Conjurer (Tengu Fire Elementalist)     Turns: 534, Time: 00:01:37

Health: 15/19      AC:  2    Str:  8    XL:     3   Next: 31%
Magic:  7/7        EV: 13    Int: 15    God:
Gold:   38         SH:  0    Dex: 15    Spells: 0/6 levels left

rFire    . . .     SeeInvis .   (no weapon)
rCold    . . .     Gourm    .   (no shield)
rNeg     . . .     Faith    .   a - +0 robe
rPois    .         Spirit   .   (helmet restricted)
rElec    .         Reflect  .   (no cloak)
rCorr    .         Harm     .   (no gloves)
MR       .....                  (boots unavailable)
Stlth    ++........             (no amulet)
HPRegen  0.06/turn              (no ring)
MPRegen  0.10/turn              (no ring)

@: no status effects
A: beak, talons 3
a: no special abilities


You were on level 1 of the Dungeon.
You were not hungry.

You visited 1 branch of the dungeon, and saw 1 of its levels.

You collected 38 gold pieces.

Inventory:

Armour
 a - a +0 robe (worn)
Scrolls
 e - a scroll of enchant armour {unknown}
 f - a scroll of recharging {unknown}
Potions
 g - a potion of lignification {unknown}
Books
 b - a book of Flames

   Spells                             Type                      Level
   a - Flame Tongue                   Conjuration/Fire             1
   b - Throw Flame                    Conjuration/Fire             2
   c - Conjure Flame                  Conjuration/Fire             3
   d - Inner Flame                    Hexes/Fire                   3
   e - Sticky Flame                   Conjuration/Fire             4
   f - Fireball                       Conjuration/Fire             5
Comestibles
 c - a bread ration
 d - 2 chunks of flesh


   Skills:
 - Level 2.1 Dodging
 - Level 2.0 Stealth
 - Level 2.0 Spellcasting
 + Level 4.2 Conjurations
 - Level 3.2 Fire Magic


You couldn't memorise any spells.
You knew the following spells:

 Your Spells              Type           Power        Failure   Level  Hunger
a - Flame Tongue          Conj/Fire      ##...        4%          1    #......
b - Conjure Flame         Conj/Fire      ##......     14%         3    ###....
c - Throw Flame           Conj/Fire      ##....       7%          2    ###....


Dungeon Overview and Level Annotations

Branches:
Dungeon (1/15)

Altars:


Innate Abilities, Weirdness & Mutations

You have a beak for a mouth.
You have claws for feet.


Message History

You open the door.
There is an open door here.
You see here a dagger.
There is an open door here.
You open the door.
Found a leather armour.
There is an open door here.
A dart slug comes into view.
A dart slug is nearby!
Casting: Flame Tongue
Confirm with . or Enter, or press ? or * to list all spells.
Aiming: Conjure Flame
Press: ? - help, Dir - move target cursor, f - you
Okay, then.
The dart slug launches a dart at you. The slug dart hits you!
Casting: Conjure Flame
Confirm with . or Enter, or press ? or * to list all spells.
Okay, then.
Are you sure you want to abandon this character and quit the game? (Confirm with "yes".)

....##....#
..........##♣.. ♣♣.
..........##..P♣♣..♣
..........##.♣P♣...♣
..........##.......♣♣
........#.##.....w..♣♣♣
.#......# ##..........#
.#......# #..........#
.#......#+##....@.....#
...........#..[......♣♣♣
.......(...#...........P
...........#.........♣P.
...........+.......♣♣♣ .
...........####'##♣P....
......♣.♣♣♣# #.# ♣P≈≈P
......♣♣..♣♣ #.# ≈≈
......♣♣♣P.♣ #.##♣♣ .
#.#


You could see a dart slug.

Vanquished Creatures
  A gnoll (D:1)
  2 dart slugs (D:1)
  2 leopard geckos (D:1)
  2 goblins (D:1)
  A hobgoblin (D:1)
  2 jackals (D:1)
  4 bats (D:1)
  4 kobolds (D:1)
  2 rats (D:1)
20 creatures vanquished.

Notes
Turn   | Place    | Note
-------+----------+-------------------------------------------
     0 | D:1      | GoodRolls the Tengu Fire Elementalist began the quest for the Orb.
     0 | D:1      | Reached XP level 1. HP: 10/10 MP: 4/4
    13 | D:1      | Reached skill level 2 in Conjurations
    37 | D:1      | Reached XP level 2. HP: 15/15 MP: 0/6
   118 | D:1      | Reached skill level 3 in Conjurations
   380 | D:1      | Reached XP level 3. HP: 19/19 MP: 2/7
   452 | D:1      | Reached skill level 4 in Conjurations
   458 | D:1      | Learned a level 3 spell: Conjure Flame
   461 | D:1      | Learned a level 2 spell: Throw Flame
   534 | D:1      | Quit the game

Vault maps used:
D:1:      tarquinn_simple_flora_water_b, serial_forest,
          infiniplex_forest_clump_long, infiniplex_forest_zigzag_2,
          infiniplex_forest_zigzag_2, infiniplex_forest_lined_3_way,
          infiniplex_forest_pool, infiniplex_forest_corner_1,
          infiniplex_forest_split, infiniplex_forest_clump_tiny

Skill      XL: |  1  2  3 |
---------------+----------+-----
Conjurations   | 2 3 4 |  4.2
Dodging        | |  2.1
Stealth        | |  2.0
Spellcasting   | |  2.0
Fire Magic     | |  3.2

Action                   || total
-------------------------++-------
Melee: Unarmed           ||    16
       Kick              ||     2
       Peck              ||     2
 Cast: Flame Tongue      ||    27
Armor: Robe              ||     3
Dodge: Dodged            ||    14

Table legend:
 A = Spawn XP
 B = Non-spawn XP
 C = Spawn XP percentage of total XP
 D = Spawn monster count
 E = Non-spawn monster count
 F = Spawn count percentage of total count
 G = Total turns spent on level
                    A         B        C        D         E        F      G
               +---------+---------+-------+---------+---------+-------+---------
         Total |       0 |      49 |   0.0 |       0 |      20 |   0.0 |   534
               +---------+---------+-------+---------+---------+-------+---------
           D:1 |       0 |      49 |   0.0 |       0 |      20 |   0.0 |   534
               +---------+---------+-------+---------+---------+-------+---------
